[ AOE2 MATCH · #505272566 ]
UnrankedMagyars vs Lithuanians
Player's team · WIN
[ REPLAY ANALYSIS · EXTRACTED FROM THE RECORDED GAME ]
Feudal
12:20
Castle
20:08
Imperial
—
| APM avg | 64.5 |
| APM peak | 97 |
| eAPM avg | 27.7 |
| Villagers / military | 72 / 61 |
Focus
⚔️ 41.6% · 🌾 58.4%
Magyar Huszar ×47 · Monk ×4 · Archer ×4 · Militia ×2 · Mangonel ×2 · Skirmisher ×1
Feudal
10:57
Castle
21:11
Imperial
—
| APM avg | 56.9 |
| APM peak | 120 |
| eAPM avg | 28.0 |
| Villagers / military | 112 / 73 |
Focus
⚔️ 37.5% · 🌾 62.5%
Spearman ×46 · Monk ×9 · Militia ×9 · Skirmisher ×5 · Archer ×4
Match map
Initial resources + every placement click. Lines = walls · curves = elevation contours. ◆ gold · ⬟ stone · ● berries · ✦ relic · ◌ wall gap
Your base· ✓ Closed at 20:08 · 50t walls · 2 gate(s)
Hannibal's base· ✓ Closed at 21:11 · 25t walls · 1 gate(s)
Smoothed initial terrain · ◌ = detected wall gap · hover for details
Inputs per minute
— CNZS_Donghaidi - - Hannibal
Build order — CNZS_Donghaidi
First 150 of 241 actions detected
| 0:01 | Create | Villager (Male) |
| 0:01 | Create | Villager (Male) |
| 0:02 | Create | Villager (Male) |
| 0:02 | Build | House |
| 0:03 | Build | House |
| 0:06 | Create | Villager (Male) |
| 1:27 | Create | Villager (Male) |
| 1:27 | Create | Villager (Male) |
| 1:48 | Build | Lumber Camp |
| 1:59 | Create | Villager (Male) |
| 1:59 | Create | Villager (Male) |
| 2:14 | Create | Villager (Male) |
| 2:47 | Create | Villager (Male) |
| 2:47 | Create | Villager (Male) |
| 3:05 | Create | Villager (Male) |
| 3:05 | Create | Villager (Male) |
| 3:32 | Create | Villager (Male) |
| 3:32 | Create | Villager (Male) |
| 3:58 | Create | Villager (Male) |
| 4:14 | Build | House |
| 4:23 | Create | Villager (Male) |
| 4:47 | Build | Barracks |
| 4:52 | Build | Barracks |
| 4:56 | Create | Villager (Male) |
| 4:56 | Create | Villager (Male) |
| 4:56 | Create | Villager (Male) |
| 5:22 | Build | Palisade Wall |
| 5:27 | Build | Palisade Wall |
| 5:36 | Build | Palisade Gate |
| 5:44 | Build | Palisade Wall |
| 5:45 | Build | Palisade Wall |
| 5:47 | Build | Palisade Wall |
| 5:49 | Create | Villager (Male) |
| 5:55 | Build | Palisade Wall |
| 5:56 | Build | Palisade Wall |
| 6:00 | Research | Loom |
| 6:09 | Create | Villager (Male) |
| 6:11 | Create | Militia |
| 6:11 | Create | Militia |
| 6:19 | Build | House |
| 6:55 | Create | Villager (Male) |
| 7:11 | Build | House |
| 7:22 | Create | Villager (Male) |
| 7:29 | Build | Mill |
| 7:46 | Create | Villager (Male) |
| 8:13 | Build | Mining Camp |
| 8:17 | Create | Villager (Male) |
| 8:51 | Create | Villager (Male) |
| 9:04 | Build | Palisade Gate |
| 9:13 | Build | Farm |
| 9:18 | Create | Villager (Male) |
| 9:23 | Build | Farm |
| 9:43 | Create | Villager (Male) |
| 9:52 | Build | Palisade Wall |
| 10:00 | Build | Palisade Wall |
| 10:02 | Build | Palisade Wall |
| 10:03 | Build | Palisade Wall |
| 10:10 | Research | Feudal Age |
| 10:11 | Research | Feudal Age |
| 10:18 | Build | House |
| 10:25 | Build | Palisade Wall |
| 10:26 | Build | Palisade Wall |
| 10:33 | Build | Farm |
| 10:34 | Build | Farm |
| 10:38 | Build | Farm |
| 10:49 | Create | Villager (Male) |
| 10:57 | Build | Palisade Wall |
| 11:01 | Build | Palisade Wall |
| 11:07 | Build | House |
| 11:28 | Build | Palisade Wall |
| 11:45 | Build | Farm |
| 12:20 | Age | Feudal Age |
| 12:25 | Create | Villager (Male) |
| 12:28 | Build | Archery Range |
| 12:35 | Research | Double-Bit Axe |
| 12:39 | Create | Villager (Male) |
| 12:46 | Build | House |
| 12:57 | Create | Archer |
| 12:59 | Create | Villager (Male) |
| 13:04 | Create | Archer |
| 13:05 | Create | Villager (Male) |
| 13:10 | Build | Farm |
| 13:27 | Build | Farm |
| 13:51 | Build | Farm |
| 13:52 | Create | Villager (Male) |
| 13:56 | Create | Archer |
| 14:06 | Build | Farm |
| 14:16 | Create | Villager (Male) |
| 14:17 | Create | Archer |
| 14:29 | Build | Palisade Wall |
| 14:38 | Build | Farm |
| 14:39 | Build | Farm |
| 14:43 | Create | Skirmisher |
| 14:56 | Build | Farm |
| 15:01 | Create | Villager (Male) |
| 15:07 | Build | Mining Camp |
| 15:28 | Create | Villager (Male) |
| 16:00 | Build | Palisade Wall |
| 16:03 | Create | Villager (Male) |
| 16:25 | Build | Market |
| 16:29 | Create | Villager (Male) |
| 16:39 | Create | Villager (Male) |
| 17:28 | Research | Castle Age |
| 17:28 | Research | Castle Age |
| 17:39 | Build | House |
| 17:42 | Build | House |
| 17:56 | Research | Horse Collar |
| 18:08 | Research | Gold Mining |
| 18:18 | Build | Farm |
| 18:32 | Create | Villager (Male) |
| 18:33 | Build | Blacksmith |
| 19:30 | Research | Scale Barding Armor |
| 20:08 | Age | Castle Age |
| 20:13 | Build | Castle |
| 20:18 | Build | Castle |
| 20:25 | Build | Farm |
| 20:26 | Research | Bow Saw |
| 20:28 | Create | Villager (Male) |
| 20:30 | Build | Farm |
| 20:30 | Build | Farm |
| 20:30 | Build | Farm |
| 20:38 | Create | Villager (Male) |
| 20:49 | Create | Villager (Male) |
| 21:12 | Create | Villager (Male) |
| 21:36 | Create | Magyar Huszar |
| 21:36 | Create | Magyar Huszar |
| 21:47 | Build | Monastery |
| 21:55 | Create | Magyar Huszar |
| 21:58 | Research | Wheelbarrow |
| 22:11 | Create | Magyar Huszar |
| 22:31 | Build | House |
| 22:32 | Create | Monk |
| 22:40 | Create | Magyar Huszar |
| 22:40 | Create | Magyar Huszar |
| 22:51 | Create | Villager (Male) |
| 22:52 | Build | Farm |
| 22:52 | Create | Magyar Huszar |
| 23:09 | Create | Magyar Huszar |
| 23:09 | Create | Magyar Huszar |
| 23:19 | Create | Villager (Male) |
| 23:21 | Build | Siege Workshop |
| 23:24 | Build | Lumber Camp |
| 23:25 | Create | Magyar Huszar |
| 23:25 | Create | Magyar Huszar |
| 23:31 | Build | Farm |
| 23:37 | Create | Magyar Huszar |
| 23:49 | Build | Stable |
| 23:55 | Create | Magyar Huszar |
| 23:57 | Create | Villager (Male) |
| 24:04 | Build | Farm |
Build order — Hannibal
First 150 of 290 actions detected
| 0:00 | Create | Villager (Male) |
| 0:01 | Create | Villager (Male) |
| 0:02 | Build | House |
| 0:14 | Create | Villager (Male) |
| 0:14 | Create | Villager (Male) |
| 0:21 | Create | Villager (Male) |
| 0:25 | Create | Villager (Male) |
| 0:58 | Build | House |
| 1:27 | Create | Villager (Male) |
| 1:55 | Build | Barracks |
| 2:18 | Create | Villager (Male) |
| 2:38 | Create | Villager (Male) |
| 2:50 | Build | House |
| 2:59 | Create | Militia |
| 2:59 | Create | Militia |
| 3:13 | Create | Militia |
| 3:44 | Create | Militia |
| 3:47 | Create | Villager (Male) |
| 4:18 | Create | Villager (Male) |
| 4:38 | Create | Villager (Male) |
| 4:40 | Build | Lumber Camp |
| 4:53 | Create | Villager (Male) |
| 5:00 | Build | House |
| 5:42 | Create | Villager (Male) |
| 6:03 | Create | Villager (Male) |
| 6:30 | Create | Villager (Male) |
| 6:34 | Build | Mill |
| 6:40 | Create | Villager (Male) |
| 6:55 | Create | Villager (Male) |
| 7:10 | Build | House |
| 7:13 | Create | Villager (Male) |
| 7:29 | Build | Mill |
| 7:31 | Create | Villager (Male) |
| 8:02 | Research | Loom |
| 8:47 | Research | Feudal Age |
| 9:04 | Build | Mining Camp |
| 9:06 | Create | Militia |
| 9:06 | Create | Militia |
| 9:32 | Create | Militia |
| 9:58 | Create | Militia |
| 9:58 | Create | Militia |
| 10:38 | Create | Villager (Male) |
| 10:55 | Create | Villager (Male) |
| 10:57 | Age | Feudal Age |
| 11:00 | Research | Man-at-Arms (upgrade) |
| 11:11 | Create | Villager (Male) |
| 11:11 | Create | Villager (Male) |
| 11:13 | Build | Archery Range |
| 11:19 | Create | Villager (Male) |
| 11:23 | Research | Double-Bit Axe |
| 11:54 | Create | Archer |
| 11:59 | Create | Villager (Male) |
| 12:07 | Create | Archer |
| 12:24 | Create | Villager (Male) |
| 12:27 | Build | House |
| 12:41 | Research | Horse Collar |
| 12:41 | Research | Horse Collar |
| 12:42 | Build | Farm |
| 12:43 | Build | Farm |
| 12:44 | Build | Farm |
| 12:44 | Build | Farm |
| 12:44 | Build | Farm |
| 12:44 | Build | Farm |
| 12:46 | Create | Villager (Male) |
| 12:46 | Create | Villager (Male) |
| 12:46 | Create | Villager (Male) |
| 13:09 | Build | House |
| 13:16 | Build | Lumber Camp |
| 13:30 | Create | Villager (Male) |
| 13:35 | Build | House |
| 13:35 | Build | House |
| 13:35 | Build | House |
| 13:48 | Create | Villager (Male) |
| 13:51 | Build | Farm |
| 13:54 | Build | Palisade Wall |
| 14:01 | Create | Archer |
| 14:05 | Create | Villager (Male) |
| 14:12 | Build | Farm |
| 14:25 | Build | Farm |
| 14:26 | Build | Farm |
| 14:34 | Create | Villager (Male) |
| 14:42 | Create | Skirmisher |
| 14:58 | Create | Villager (Male) |
| 14:58 | Create | Villager (Male) |
| 14:59 | Build | Farm |
| 15:08 | Build | House |
| 15:15 | Build | Farm |
| 15:20 | Build | Farm |
| 15:26 | Build | Farm |
| 15:32 | Build | Palisade Gate |
| 15:40 | Build | Palisade Wall |
| 15:42 | Build | Palisade Wall |
| 15:44 | Create | Villager (Male) |
| 15:48 | Create | Archer |
| 16:13 | Build | Blacksmith |
| 16:26 | Research | Wheelbarrow |
| 16:44 | Build | Farm |
| 16:48 | Build | Farm |
| 16:54 | Build | Palisade Wall |
| 17:03 | Build | Farm |
| 17:10 | Build | House |
| 17:11 | Build | Palisade Wall |
| 17:28 | Build | Farm |
| 17:42 | Build | Farm |
| 17:55 | Create | Villager (Male) |
| 18:06 | Build | House |
| 18:19 | Build | Farm |
| 18:31 | Research | Castle Age |
| 18:31 | Research | Castle Age |
| 19:06 | Create | Skirmisher |
| 19:09 | Research | Gold Mining |
| 19:11 | Create | Skirmisher |
| 19:50 | Research | Fletching |
| 20:04 | Create | Skirmisher |
| 20:15 | Create | Skirmisher |
| 20:27 | Build | House |
| 20:38 | Build | House |
| 20:53 | Create | Spearman |
| 20:53 | Create | Spearman |
| 21:08 | Create | Villager (Male) |
| 21:11 | Age | Castle Age |
| 21:19 | Build | Monastery |
| 21:23 | Create | Villager (Male) |
| 21:29 | Build | Town Center |
| 21:31 | Create | Villager (Male) |
| 21:34 | Build | Town Center |
| 21:36 | Create | Spearman |
| 21:50 | Create | Monk |
| 21:50 | Create | Monk |
| 21:57 | Research | Bow Saw |
| 21:57 | Research | Bow Saw |
| 21:58 | Create | Villager (Male) |
| 22:00 | Create | Villager (Male) |
| 22:01 | Create | Villager (Male) |
| 22:01 | Create | Villager (Male) |
| 22:01 | Create | Villager (Male) |
| 22:27 | Create | Villager (Male) |
| 22:27 | Create | Villager (Male) |
| 22:28 | Create | Villager (Male) |
| 22:30 | Build | Mining Camp |
| 22:36 | Research | Town Watch |
| 22:36 | Research | Town Watch |
| 22:45 | Create | Villager (Male) |
| 22:47 | Create | Monk |
| 22:48 | Create | Villager (Male) |
| 22:48 | Create | Villager (Male) |
| 22:50 | Create | Spearman |
| 22:55 | Create | Villager (Male) |
| 22:55 | Create | Villager (Male) |
| 23:08 | Create | Monk |
Match timeline
| 1:55 | Hannibal · first_building Barracks |
| 4:47 | CNZS_Donghaidi · first_building Barracks |
| 5:22 | CNZS_Donghaidi · wall_segment Palisade Wall x2 |
| 5:27 | CNZS_Donghaidi · wall_segment Palisade Wall x1 |
| 5:44 | CNZS_Donghaidi · wall_segment Palisade Wall x1 |
| 5:45 | CNZS_Donghaidi · wall_segment Palisade Wall x1 |
| 5:47 | CNZS_Donghaidi · wall_segment Palisade Wall x1 |
| 5:55 | CNZS_Donghaidi · wall_segment Palisade Wall x1 |
| 5:56 | CNZS_Donghaidi · wall_segment Palisade Wall x1 |
| 9:52 | CNZS_Donghaidi · wall_segment Palisade Wall x6 |
| 10:00 | CNZS_Donghaidi · wall_segment Palisade Wall x4 |
| 10:02 | CNZS_Donghaidi · wall_segment Palisade Wall x5 |
| 10:03 | CNZS_Donghaidi · wall_segment Palisade Wall x1 |
| 10:25 | CNZS_Donghaidi · wall_segment Palisade Wall x5 |
| 10:26 | CNZS_Donghaidi · wall_segment Palisade Wall x1 |
| 10:57 | Hannibal · age_up feudal |
| 10:57 | CNZS_Donghaidi · wall_segment Palisade Wall x15 |
| 11:01 | CNZS_Donghaidi · wall_segment Palisade Wall x4 |
| 11:13 | Hannibal · first_building Archery Range |
| 11:28 | CNZS_Donghaidi · wall_segment Palisade Wall x1 |
| 12:20 | CNZS_Donghaidi · age_up feudal |
| 12:28 | CNZS_Donghaidi · first_building Archery Range |
| 13:54 | Hannibal · wall_segment Palisade Wall x1 |
| 14:29 | CNZS_Donghaidi · wall_segment Palisade Wall x1 |
| 15:40 | Hannibal · wall_segment Palisade Wall x6 |
| 15:42 | Hannibal · wall_segment Palisade Wall x5 |
| 16:00 | CNZS_Donghaidi · wall_segment Palisade Wall x1 |
| 16:54 | Hannibal · wall_segment Palisade Wall x12 |
| 17:11 | Hannibal · wall_segment Palisade Wall x1 |
| 20:08 | CNZS_Donghaidi · age_up castle |
| 20:13 | CNZS_Donghaidi · first_building Castle |
| 21:11 | Hannibal · age_up castle |
| 21:19 | Hannibal · first_building Monastery |
| 21:40 | CNZS_Donghaidi · first_market_buy 100 wood |
| 21:47 | CNZS_Donghaidi · first_building Monastery |
| 23:21 | CNZS_Donghaidi · first_building Siege Workshop |
| 23:49 | CNZS_Donghaidi · first_building Stable |
| 24:01 | CNZS_Donghaidi · first_market_sell 100 stone |
| 28:28 | Hannibal · wall_segment Stone Wall x1 |
| 29:02 | Hannibal · first_building Castle |
| 31:20 | Hannibal · resign |
[ AI ANALYSIS · 1 CREDIT ]
What really happened in this match?
Wolo.gg analyzes every decision: build order, eco, micro, common mistakes by bracket. Personalized analysis on WhatsApp or Discord in 30 seconds.
Civ guide
Magyars
Perfil
Jugador #15097184